 Dungeon Crawl Stone Soup version 0.29.1-15-g9cfb28693d (webtiles) character file.

Game seed: 16229582226945762670

7 pokedragonboy the Caller (level 1, -1/10 HPs)
             Began as a Deep Elf Summoner on Mar 10, 2023.
             Hit by a stone thrown by a hobgoblin (2 damage)
             ... on level 1 of the Dungeon.
             The game lasted 00:01:03 (285 turns).

pokedragonboy the Caller (Deep Elf Summoner)         Turns: 285, Time: 00:01:04

Health: -1/10      AC:  2    Str:  5    XL:     1   Next: 83%
Magic:  5/6        EV: 12    Int: 19    God:
Gold:   35         SH:  0    Dex: 15    Spells: 5/6 levels left

rFire   . . .      SeeInvis .   c - +0 dagger
rCold   . . .      Faith    .   (no shield)
rNeg    . . .      Spirit   .   a - +0 robe
rPois   .          Reflect  .   (no helmet)
rElec   .          Harm     .   (no cloak)
rCorr   .          Rampage  .   (no gloves)
Will    .....                   (no boots)
Stlth   ++........              (no amulet)
HPRegen 0.03/turn               (no ring)
MPRegen 0.10/turn               (no ring)

@: no status effects
A: no striking features
a: no special abilities


You were on level 1 of the Dungeon.
You visited 1 branch of the dungeon, and saw 1 of its levels.

You collected 35 gold pieces.

Inventory:

Hand Weapons
 c - a +0 dagger (weapon)
Armour
 a - a +0 robe (worn)
Potions
 b - a potion of magic


   Skills:
 + Level 2.5 Dodging
 + Level 2.5 Stealth
 * Level 3.2 Spellcasting
 * Level 4.5 Summonings
 + Level 0.4 Necromancy


You had 5 spell levels left.
You knew the following spells:

 Your Spells              Type           Power      Damage    Failure   Level
a - Summon Small Mammal   Summ           80%        N/A       2%          1

Your spell library contained the following spells:

 Spells                   Type           Power      Damage    Failure   Level
 Call Imp                 Summ           20%        N/A       3%          2
 Call Canine Familiar     Summ           20%        N/A       7%          3
 Summon Guardian Golem    Hex/Summ       11%        N/A       19%         3
 Summon Lightning Spire   Summ/Air       11%        N/A       52%         4


Dungeon Overview and Level Annotations

Branches:
Dungeon (1/15)

Altars:


Message History

You hit the dart slug but do no damage.
The dart slug is moderately wounded.
The dart slug barely misses you.
You barely miss the dart slug.
The dart slug is moderately wounded.
You completely miss the dart slug.
The dart slug is moderately wounded.
The dart slug bites you.
You hit the dart slug.
The dart slug is heavily wounded.
The dart slug barely misses you.
You hit the dart slug.
The dart slug is severely wounded.
The dart slug closely misses you.
You swap places.
Your quokka bites the dart slug.
The dart slug dies!
You start resting.
Magic restored.
Your quokka disappears in a puff of smoke!
Your quokka disappears in a puff of smoke!
HP restored.
Found 5 stones.
A hobgoblin comes into view.
Casting: Summon Small Mammal (safe; 2% risk of failure)
Confirm with . or Enter, or press ? or * to list all spells.
The hobgoblin shouts!
Your bat barely misses the hobgoblin.
The hobgoblin hits your bat.
Found 9 gold pieces.
Your bat hits the hobgoblin. The hobgoblin hits you.
Ouch! That really hurt!
You are too injured to fight recklessly!
You are too injured to fight recklessly!
The hobgoblin attacks as you move away! The hobgoblin hits you.
* * * LOW HITPOINT WARNING * * *
Your bat hits the hobgoblin.
The hobgoblin throws a stone.
The stone barely misses you.
Your bat hits the hobgoblin but does no damage.
The hobgoblin throws a stone.
The stone barely misses you.
The hobgoblin throws a stone.
The stone barely misses your bat. The stone hits you.
You die...

#.# . #.# .. ### #..
#.##### .. ###.. #.#
#[....# #.#?#.###.#
#รท###.##
......#..## #.##...#
##.#.###..###.##.8.#
#..gb..#.......#...#
##.#.#@#..###.##.8.#
.. ###........##...#
#. ###..##..##.>.#
..
........##...#...#
..
###...#.##..##.8.# $
#.........##...#
#(..#.######.8.####
##.##.#............
#. #.#............


You could see a hobgoblin (ally target) and a friendly bat (summoned).

Vanquished Creatures (collateral kills)
  A dart slug (D:1)
  A ball python (D:1)
  A hobgoblin (D:1)
  A bat (D:1)
  A goblin (D:1)
5 creatures vanquished.

Notes
Turn   | Place    | Note
-------+----------+-------------------------------------------
     0 | D:1      | pokedragonboy the Deep Elf Summoner began the quest for the
                  | Orb.
     0 | D:1      | Reached XP level 1. HP: 10/10 MP: 6/6
   285 | D:1      | Hit by a stone thrown by a hobgoblin

Illustrated notes

Levels and vault maps discovered:
D:1:      lemuel_arrival_hallway, layout_loops_ring,
          hangedman_decor_clover_reticule, minmay_indecisive_spiral

Action                   || total
-------------------------++-------
Melee: Dagger            ||     7
       Unarmed           ||     5
 Cast: Summon Small Mamm ||    12
Armor: Robe              ||     5
Dodge: Dodged            ||    18
